 Dungeon Crawl Stone Soup version 0.28.0-53-g5a82cb258f (webtiles) character file.

Game seed: 3535967846598406107

182 Scuddy the Shield-Bearer (level 5, -9/41 HPs)
             Began as a Demonspawn Fighter on July 4, 2022.
             Mangled by a sixfirhy (10 damage)
             ... on level 1 of the Abyss.
             The game lasted 00:06:30 (2809 turns).

Scuddy the Shield-Bearer (Demonspawn Fighter)       Turns: 2809, Time: 00:06:31

Health: -9/41      AC:  8    Str: 19    XL:     5   Next: 34%
Magic:  5/5        EV: 13    Int: 15    God:
Gold:   131        SH:  9    Dex: 13    Spells: 4/4 levels left

rFire   . . .      SeeInvis .     - Unarmed
rCold   + . .      Faith    .   c - +0 buckler
rNeg    . . .      Spirit   .   b - +0 scale mail
rPois   .          Reflect  .   (no helmet)
rElec   .          Harm     .   (no cloak)
rCorr   .          Rampage  .   i - +0 pair of gloves
Will    .....                   (no boots)
Stlth   ..........              (no amulet)
HPRegen 0.13/turn               l - ring "Synn" {rC+ Str+3 Int+4}
MPRegen 0.09/turn               h - +4 ring of evasion

@: mighty
A: claws 2, spiny 1, talons 1, large bone plates 1
a: no special abilities


You were on level 1 of the Abyss.
You visited 1 branch of the dungeon, and saw 3 of its levels.
You visited the Abyss 1 time.

You collected 131 gold pieces.

Inventory:

Missiles
 g - a throwing net (quivered)
Armour
 b - a +0 scale mail (worn)
 c - a +0 buckler (worn)
 i - a +0 pair of gloves (worn)
Jewellery
 h - a +4 ring of evasion (right hand)
 l - the ring "Synn" (left hand) {rC+ Str+3 Int+4}
   (You found it on level 2 of the Dungeon)

   [ring of protection from cold]

   Str:       It affects your strength (+3).
   Int:       It affects your intelligence (+4).
   rC:        It protects you from cold.
 m - a ring of protection from cold
Wands
 s - a wand of paralysis (14)
Scrolls
 j - 3 scrolls of identify {unknown}
 o - a scroll of fear {unknown}
 q - a scroll of blinking {unknown}
 r - a scroll of fog {unknown}
Potions
 a - a potion of brilliance {unknown}
 d - a potion of might
 e - 2 potions of mutation
 f - 2 potions of heal wounds {unknown}
 k - a potion of attraction {unknown}
 n - a potion of invisibility {unknown}
 p - a potion of cancellation {unknown}
 t - a potion of degeneration {unknown}


   Skills:
 - Level 3.0 Fighting
 - Level 2.2 Maces & Flails
 + Level 3.5 Armour
 + Level 3.6 Shields
 * Level 2.9 Unarmed Combat


You had 4 spell levels left.
You didn't know any spells.
Your spell library was empty.

Dungeon Overview and Level Annotations

Branches:
Dungeon (3/15)

Altars:

Portals:
Abyss: D:3

Annotations:
D:3 1 transporter, Tiocfaidh's ghost, weakling OpCA


Innate Abilities, Weirdness & Mutations

You have very sharp fingernails.
You are partially covered in sharp spines.
You have sharp toenails.
You are partially covered in large bone plates. (SH +4)


Message History

You block Tiocfaidh's ghost's attack.
You barely miss Tiocfaidh's ghost.
Tiocfaidh's ghost is almost destroyed.
You block Tiocfaidh's ghost's attack.
You barely miss Tiocfaidh's ghost.
Tiocfaidh's ghost is almost destroyed.
Tiocfaidh's ghost hits you but does no damage.
You hit Tiocfaidh's ghost.
Tiocfaidh's ghost is almost destroyed.
Tiocfaidh's ghost hits you but does no damage.
The kobold hits you but does no damage.
You are cast into the Abyss!
This branch contains the abyssal rune of Zot.
There is an empty arch of ancient stone here.
A sixfirhy comes into view.
The sixfirhy moves out of view.
The sixfirhy is struck by your spines. The sixfirhy hits you.
The sixfirhy shocks you!
Okay, then.
The sixfirhy hits you. The sixfirhy shocks you!
* * * LOW HITPOINT WARNING * * *
You block the sixfirhy's attack. The sixfirhy is struck by your spines.
The sixfirhy barely misses you.
It was a potion of mutation.
You feel extremely strange.
Your toenails lengthen and sharpen.
Large bone plates grow over parts of your arms.
The sixfirhy hits you but does no damage.
You block the sixfirhy's attack.
You feel very mighty all of a sudden.
Press: ? - help, v - describe, . - travel A rock wall.
You miss the sixfirhy. Your kick misses the sixfirhy.
The sixfirhy is lightly wounded.
You miss the sixfirhy. The sixfirhy is struck by your spines.
The sixfirhy hits you.
* * * LOW HITPOINT WARNING * * *
The sixfirhy shocks you!
* * * LOW HITPOINT WARNING * * *
The sixfirhy hits you!
You die...

# ..#.. ###..# #.
.. .# .... .
#...##.#. # #
..#..#..#.# .#.#..
#..#.##
.#.##.....#
##......#....###..
###### #..#....
###..#..## #@#...#
#3...# # ##.##..#
#....### #..#....#
### .#.... #####.
.


You could see a sixfirhy.

Vanquished Creatures
  Ijyb (D:3)
  Natasha (thrice) (D:2)
  Robin (D:2)
  An adder (D:3)
  A worm (D:3)
  3 dart slugs
  An orc (D:3)
  2 bats
  2 endoplasms
  3 giant cockroaches
  8 goblins
  8 hobgoblins
  8 jackals
  2 quokkas (D:1)
  3 ball pythons (D:2)
  2 kobolds
  A rat (D:3)
50 creatures vanquished.

Notes
Turn   | Place    | Note
-------+----------+-------------------------------------------
     0 | D:1      | Scuddy the Demonspawn Fighter began the quest for the Orb.
     0 | D:1      | Reached XP level 1. HP: 18/18 MP: 1/1
   282 | D:1      | You fall into a shaft and drop 1 floor!
   319 | D:2      | Identified the ring "Synn" {rC+ Str+3 Int+4}
   384 | D:1      | Found a faded altar of an unknown god.
   580 | D:1      | Gained mutation: You have sharp fingernails. [demonic
                  | ancestry]
   580 | D:1      | Reached XP level 2. HP: 24/24 MP: 2/2
   916 | D:2      | Noticed Robin
  1287 | D:2      | Reached skill level 1 in Unarmed Combat
  1324 | D:2      | Noticed Natasha
  1335 | D:2      | Killed Natasha
  1336 | D:2      | Gained mutation: You have very sharp fingernails. [demonic
                  | ancestry]
  1336 | D:2      | Reached XP level 3. HP: 19/29 MP: 3/3
  1642 | D:2      | Noticed Natasha
  1651 | D:2      | Killed Natasha
  1652 | D:2      | Gained mutation: You are partially covered in sharp spines.
                  | [demonic ancestry]
  1652 | D:2      | Reached XP level 4. HP: 25/35 MP: 4/4
  1678 | D:2      | Noticed Natasha
  1853 | D:2      | Killed Robin
  1864 | D:2      | Killed Natasha
  2273 | D:3      | Reached XP level 5. HP: 41/41 MP: 5/5
  2310 | D:3      | Noticed Ijyb
  2330 | D:3      | Killed Ijyb
  2551 | D:3      | Found a one-way gate to the infinite horrors of the Abyss.
  2551 | D:3      | Noticed Tiocfaidh's ghost (weakling OpCA)
  2680 | D:3      | Found a transporter.
  2697 | D:3      | Noticed a small abomination
  2717 | D:3      | Found a transporter.
  2765 | D:3      | Cast into level 1 of the Abyss (kobold)
  2801 | Abyss:1  | Noticed a sixfirhy
  2806 | Abyss:1  | Gained mutation: You have sharp toenails. [potion of
                  | mutation]
  2806 | Abyss:1  | Gained mutation: You are partially covered in large bone
                  | plates. (SH +4) [potion of mutation]
  2809 | Abyss:1  | HP: 1/41 [sixfirhy (10)]
  2809 | Abyss:1  | Mangled by a sixfirhy

Illustrated notes

Levels and vault maps discovered:
D:1:      amcnicky_arrival_flooded_fountain, layout_loops_ring,
          basic_ecumenical_altar
D:2:      layout_basic, uniq_robin, uniq_natasha
D:3:      layout_basic, gammafunk_ghost_abyssal_escape, minivault_25,
          minmay_misc_feat_enclosed, uniq_crazy_yiuf_cottage, uniq_ijyb
Abyss:1:  base:
D:2

Skill      XL: |  1  2  3 |
---------------+----------+-----
Maces & Flails | 2 |  2.2
Armour         | 3 |  3.5
Shields        | 3 |  3.6
Unarmed Combat | 1 2 |  2.9
Fighting       | |  3.0

Action                   |  1- 3 |  4- 6 || total
-------------------------+-------+-------++-------
Melee: Flail             |    86 |       ||    86
       Unarmed           |    29 |   109 ||   138
  Use: Scroll            |     1 |       ||     1
       Potion            |       |     2 ||     2
Armor: Scale mail        |    78 |    35 ||   113
Dodge: Dodged            |    63 |    42 ||   105
Block: Buckler           |    36 |    25 ||    61
